 Seeded DCSS version 0.27-a0-1219-g958d993ae5 (webtiles) character file.

Game seed: 49 (custom seed)

12 Snicker the Sneak (level 2, 22/22 HPs)
             Began as a Demonspawn Brigand on June 6, 2021.
             Got out of the dungeon alive.
             The game lasted 00:00:41 (525 turns).

Snicker the Sneak (Demonspawn Brigand)               Turns: 525, Time: 00:00:41

Health: 22/22      AC:  3    Str: 11    XL:     2   Next: 20%
Magic:  2/2        EV: 11    Int: 12    God:
Gold:   19         SH:  4    Dex: 14    Spells: 1/1 levels left

rFire    . . .     SeeInvis .   a - +2 dagger
rCold    . . .     Faith    .   (no shield)
rNeg     . . .     Spirit   .   b - +0 robe
rPois    .         Reflect  .   (no helmet)
rElec    .         Harm     .   c - +0 cloak
rCorr    .         Rampage  .   (no gloves)
Will     .....                  (no boots)
Stlth    +++.......             (no amulet)
HPRegen  0.07/turn              (no ring)
MPRegen  0.08/turn              (no ring)

@: no status effects
A: large bone plates 1
a: no special abilities


You escaped.
You visited 1 branch of the dungeon, and saw 1 of its levels.

You collected 19 gold pieces.

Inventory:

Hand Weapons
 a - a +2 dagger (weapon)
Missiles
 d - 8 poisoned darts (quivered)
 e - 2 curare-tipped darts
Armour
 b - a +0 robe (worn)
 c - a +0 cloak (worn)
Scrolls
 f - a scroll of acquirement
 g - 2 scrolls of enchant armour {unknown}
 h - a scroll of identify {unknown}
Potions
 i - a potion of brilliance {unknown}


   Skills:
 + Level 2.0 Fighting
 + Level 2.0 Short Blades
 + Level 1.7 Throwing
 + Level 0.8 Dodging
 + Level 4.1 Stealth


You had one spell level left.
You didn't know any spells.
Your spell library was empty.

Dungeon Overview and Level Annotations

Branches:
Dungeon (1/15)

Altars:


Innate Abilities, Weirdness & Mutations

You are partially covered in large bone plates. (SH +4)


Message History

Found an escape hatch in the floor.
The ball python hisses angrily.
You hit the ball python.
The ball python is severely wounded.
The ball python barely misses you. The ball python grabs you.
The ball python constricts you.
The ball python bites you but does no damage.
The ball python constricts you.
You hit the ball python.
You kill the ball python!
Found a scroll labelled ISILAWN AVO ANE.
Found a stone staircase leading down.
This is a scroll of acquirement!
Unknown command.
Unknown command.
(D) Dungeon
Where to? (? - help)
Okay, then.
You can't go up here!
Unknown command.
Unknown command.
(D) Dungeon
Where to? (? - help)
Okay, then.
There is an escape hatch in the floor here.
Found a scroll labelled KUIROY FIMAC.
g - 2 scrolls labelled ISILAWN AVO ANE (gained 1)
There is an escape hatch in the floor here.
Things that are here:
a +0 dagger; a kobold skeleton
Things that are here:
a +0 short sword; a kobold skeleton
Found 10 gold pieces.
You see here a quokka skeleton.
You enter the shallow water.
Moving in this stuff is going to be slow.
There is an open door here.
There is a staircase leading out of the dungeon here.
Are you sure you want to leave the Dungeon?
This will make you lose the game!
You have escaped!

#.# #..### #.♣..
#♣≈≈≈♣ #P≈≈≈♣
###♣≈≈### #.##≈##.#
#..'≈'..# # #@##≈##.#
$.# ###♣≈♣### #..# #
♣≈≈≈♣ ... .. #♣≈≈≈♣#
#.##.#.# #..##...#.#
.. #.#.#
#.........#########.
.# #.#.###
##.###....#..........
.###.#...
.........###.........
.##....#
#......#####.#######


There were no monsters in sight!

Vanquished Creatures
  A ball python (D:1)
  2 bats (D:1)
  A giant cockroach (D:1)
  A goblin (D:1)
  3 kobolds (D:1)
  A quokka (D:1)
  2 rats (D:1)
11 creatures vanquished.

Notes
Turn   | Place    | Note
-------+----------+-------------------------------------------
     0 | D:1      | Snicker the Demonspawn Brigand began the quest for the Orb.
     0 | D:1      | Reached XP level 1. HP: 16/16 MP: 1/1
   141 | D:1      | Reached skill level 4 in Stealth
   275 | D:1      | Gained mutation: You are partially covered in large bone
                  | plates. (SH +4) [demonic ancestry]
   275 | D:1      | Reached XP level 2. HP: 22/22 MP: 2/2
   414 | D:1      | Identified a scroll of acquirement
   525 | D:$      | Got out of the dungeon alive.

Illustrated notes

Levels and vault maps discovered:
D:1:      sevenhm_arrival_forest_fort_small_4, layout_loops_ring

Skill      XL: |  1 |
---------------+----+-----
Stealth        | 4 |  4.1
Short Blades   | 2 |  2.0
Fighting       | |  2.0
Throwing       | |  1.7
Dodging        | |  0.8

Action                   || total
-------------------------++-------
Melee: Dagger            ||    27
 Stab: Sleeping          ||     3
Armor: Robe              ||     4
Dodge: Dodged            ||     9
Block: Other             ||     1

Table legend: (Time is in decaauts)
 A = Elapsed time spent in this place.
 B = Non-inter-level travel time spent in this place.
 C = Inter-level travel time spent in this place.
 D = Time resting spent in this place.
 E = Time spent auto-exploring this place.
 F = Levels seen in this place.
 G = Mean time per level.
                   A        B        C        D        E       F      G
               +--------+--------+--------+--------+--------+-----+--------+
         Total |    531 |    425 |    106 |      0 |    337 |   1 |  531.0 |
       Dungeon |    531 |    425 |    106 |      0 |    337 |   1 |  531.0 |
               +--------+--------+--------+--------+--------+-----+--------+

Top non-repeatable levels by time:
     D:1: 531 daAuts
